 Dungeon Crawl Stone Soup version 0.31-a0-1570-g93c622d222 (webtiles) character file.

Game seed: 10463392276266972231

4706 innerfire43 the Trooper (level 10, -2/79 HPs)
             Began as a Demonspawn Wanderer on Jan 3, 2024.
             Was an Initiate of Nemelex Xobeh.
             Slain by a yak (6 damage)
             ... on level 9 of the Dungeon.
             The game lasted 00:17:41 (9172 turns).

innerfire43 the Trooper (Demonspawn Wanderer)       Turns: 9172, Time: 00:17:41

Health: -2/79      AC: 10    Str: 13    XL:     10   Next: 21%
Magic:  15/15      EV: 17    Int: 11    God:    Nemelex Xobeh [......]
Gold:   1335       SH:  0    Dex: 22    Spells: 11/11 levels left

rFire   . .          .
                       - Unarmed
rCold   + . .        (no shield)
rNeg    . . .        e - +2 robe
rPois   +            n - +2 helmet
rElec   .            (no cloak)
rCorr   .            (no gloves)
SInv    +            (no boots)
Will    .....        (no amulet)
Stlth   ++           j - ring of see invisible
HPRegen 0.00/turn    y - ring "Uthrugg" {rC+ Dex+2}
MPRegen 0.14/turn

%: no passive effects
@: inhibited regen
A: claws 2, slimy green scales 3, demonic guardian 1, agile 1, deformed body,
inhibited regeneration
a: Renounce Religion, Draw Escape, Draw Destruction, Draw Summoning


You were on level 9 of the Dungeon.
You worshipped Nemelex Xobeh.
Nemelex Xobeh was noncommittal.
You visited 1 branch of the dungeon, and saw 9 of its levels.
You also visited: Ossuary.

You collected 1335 gold pieces.

Inventory:

Hand Weapons
 a - a +0 dagger
 h - a +1 dagger of draining
 t - the +3 bardiche "Zelem" {venom, Dex+6}
   (You found it on level 7 of the Dungeon)

   Dex+6:     It affects your dexterity (+6).
Armour
 e - a +2 robe (worn)
 n - a +2 helmet (worn)
 x - a +2 pair of gloves
Jewellery
 j - a ring of see invisible (left claw)
 y - the ring "Uthrugg" (right claw) {rC+ Dex+2}
   (You found it on level 7 of the Dungeon)

   [ring of protection from cold]

   Dex+2:     It affects your dexterity (+2).
   rC+:       It protects you from cold.
Wands
 g - a wand of charming (14)
Scrolls
 c - 4 scrolls of fog
 d - 8 scrolls of teleportation
 f - a scroll of brand weapon
 i - 2 scrolls of identify
 k - a scroll of amnesia
 m - a scroll of silence
 p - a scroll of revelation {unknown}
 q - a scroll of enchant armour
 r - a scroll of enchant weapon {unknown}
 v - a scroll of poison {unknown}
 w - a scroll of vulnerability
 A - a scroll of immolation {unknown}
Potions
 b - 4 potions of brilliance
 l - 3 potions of lignification
 o - a potion of attraction
 s - 2 potions of magic
 u - a potion of enlightenment


   Skills:
 + Level 7.3 Fighting
 * Level 6.9 Dodging
 - Level 1.0 Stealth
 + Level 7.0 Unarmed Combat
 - Level 1.0 Spellcasting
 + Level 6.8 Invocations
 * Level 6.3 Shapeshifting


You had 11 spell levels left.
You didn't know any spells.
Your spell library contained the following spells:

 Spells                   Type           Power      Damage    Failure   Level
 Freeze                   Ice            0%         1d3       32%         1
 Magic Dart               Conj           0%         1d3       32%         1
 Blink                    Tloc           0%         N/A       43%         2
 Call Imp                 Summ           0%         N/A       43%         2
 Frozen Ramparts          Ice            0%         1d1       67%         3
 Hailstorm                Conj/Ice       0%         3d5       67%         3
 Inner Flame              Hex/Fire       0%         N/A       67%         3
 Flame Wave               Conj/Fire      0%         2d4       97%         4
 Sticky Flame             Fire/Alch      0%         2d4       97%         4


Dungeon Overview and Level Annotations

Branches:
Dungeon (9/15)             Temple (0/1) D:6         Ossuary (visited)
   Lair: D:8-11         Orc: D:9-12

Altars:
Dithmenos
Fedhas
Kikubaaqudgha
Nemelex Xobeh
Ru

Shops:
D:2 !!*:


Innate Abilities, Weirdness & Mutations

You have very sharp fingernails.
You are completely covered in slimy green scales. (AC +4, rPois)
A weak demonic guardian rushes to your aid.
You are agile. (Dex +4, Str/Int -1)
Armour fits poorly on your strangely shaped body.
You do not regenerate when monsters are visible.


Message History

You see here a +0 war axe.
The yak barely misses you. The yak attacks as it pursues you!
The yak misses you. The yak attacks as it pursues you!
The yak gores you but does no damage. The yak attacks as it pursues you!
The yak barely misses you. The yak attacks as it pursues you!
The yak misses you. The yak attacks as it pursues you!
The yak barely misses you. The yak attacks as it pursues you!
The yak gores you!
* * * LOW HITPOINT WARNING * * *
The yak attacks as it pursues you! The yak gores you but does no damage.
The yak attacks as it pursues you! The yak closely misses you.
The yak attacks as it pursues you! The yak gores you but does no damage.
The yak attacks as it pursues you! The yak gores you.
* * * LOW HITPOINT WARNING * * *
The yak attacks as it pursues you! The yak closely misses you.
The yak attacks as it pursues you! The yak barely misses you.
There is a stone staircase leading down here.
The yak gores you but does no damage. The yak gores you.
* * * LOW HITPOINT WARNING * * *
A demonic guardian appears!
You climb downwards.
There is a stone staircase leading up here.
You scratch the yak.
The yak is severely wounded.
The yak gores you!
* * * LOW HITPOINT WARNING * * *
The yak closely misses you.
You scratch the yak.
The yak is severely wounded.
The yak misses you.
You scratch the yak.
The yak is severely wounded.
The yak gores you.
* * * LOW HITPOINT WARNING * * *
The yak barely misses you.
You closely miss the yak.
The yak is severely wounded.
The yak gores you.
You die...
Your body disappears without a glow.

## .# .#
#######.######
#.....Y......#
#....Y@......#
..............#
.#............#
#.............
#............#
#............#
##############


You could see 2 yaks.

Vanquished Creatures
  A yak (D:8)
  Grum (D:8)
  A water moccasin (D:7)
  A black bear (D:7)
  2 ice beasts
  2 orc warriors (D:7)
  An elephant zombie (D:7)
  An ogre (D:6)
  3 wolves (D:8)
  A centaur (D:7)
  2 phantoms
  An elf zombie (Ossuary)
  3 bullfrogs (D:8)
  2 kobold brigands
  4 scorpions
  5 wights (D:6)
  A burial acolyte (Ossuary)
  10 killer bees
  A howler monkey (D:7)
  2 bombardier beetles
  4 orc priests
  5 centaur zombies
  3 jellies
  A hound (D:4)
  2 human zombies
  Jessica (D:3)
  3 iguanas (D:5)
  A scorpion zombie (D:7)
  A sleepcap (D:5)
  Ijyb (D:3)
  Natasha (thrice) (D:3)
  11 orc wizards
  2 killer bee zombies
  An ogre zombie (D:7)
  A crocodile zombie (Ossuary)
  9 hound zombies
  3 mummies (Ossuary)
  Robin (D:3)
  6 adders
  2 white imps
  4 ufetubi
  7 adder zombies
  4 dart slugs
  2 ribbon worms
  44 orcs
  3 ball pythons
  4 bats
  2 endoplasms
  A giant cockroach (D:3)
  7 hobgoblins
  2 jackals (D:5)
  13 kobolds
  4 quokkas
  6 ball python zombies (Ossuary)
  6 frilled lizards
  A gnoll zombie (Ossuary)
  20 goblins
  2 jackal zombies (Ossuary)
  4 kobold zombies (Ossuary)
  An orc zombie (Ossuary)
  5 rats
248 creatures vanquished.

Vanquished Creatures (collateral kills)
  An ogre (D:4)
  2 killer bees (D:7)
  A hound (D:4)
  An adder (D:4)
  2 orcs
  An endoplasm (D:4)
  A goblin (D:3)
9 creatures vanquished.

Grand Total: 257 creatures vanquished

Notes
Turn   | Place    | Note
-------+----------+-------------------------------------------
     0 | D:1      | innerfire43 the Demonspawn Wanderer began the quest for the
                  | Orb.
     0 | D:1      | innerfire43 set off with the following items: a +0 dagger,
                  | a potion of brilliance, 2 scrolls of fog, a scroll of
                  | teleportation, a +0 robe, a potion of heal wounds.
     0 | D:1      | Reached XP level 1. HP: 19/19 MP: 2/2
   110 | D:1      | Gained mutation: You are partially covered in slimy green
                  | scales. (AC +2) [demonic ancestry]
   110 | D:1      | Reached XP level 2. HP: 23/25 MP: 3/3
   518 | D:2      | Reached XP level 3. HP: 29/31 MP: 4/4
   631 | D:2      | Found Jeanep's Distillery.
   659 | D:2      | Found Cinaplo's Distillery.
   873 | D:2      | Found Raodweku's General Store.
  1197 | D:2      | Found Muamiaqy's Book Shoppe.
  1661 | D:3      | Reached XP level 4. HP: 36/38 MP: 5/5
  1858 | D:3      | Noticed Jessica
  1869 | D:3      | Noticed Natasha
  1875 | D:3      | Noticed Robin
  1887 | D:3      | Killed Natasha
  1904 | D:3      | Killed Robin
  1905 | D:3      | Reached skill level 1 in Dodging
  1905 | D:3      | Reached skill level 1 in Invocations
  1931 | D:3      | Reached skill level 1 in Shapeshifting
  2028 | D:3      | Killed Jessica
  2029 | D:3      | Gained mutation: A weak demonic guardian rushes to your
                  | aid. [demonic ancestry]
  2029 | D:3      | Reached XP level 5. HP: 43/43 MP: 6/6
  2182 | D:3      | Noticed Natasha
  2193 | D:3      | Killed Natasha
  2242 | D:3      | Noticed Natasha
  2260 | D:3      | Killed Natasha
  2264 | D:3      | Noticed Ijyb
  2321 | D:3      | Killed Ijyb
  2443 | D:3      | Gained mutation: You have sharp fingernails. [demonic
                  | ancestry]
  2443 | D:3      | Reached XP level 6. HP: 28/50 MP: 7/7
  2577 | D:4      | Reached skill level 5 in Unarmed Combat
  2580 | D:4      | Reached skill level 5 in Fighting
  2605 | D:4      | Found a shadowy altar of Dithmenos.
  2767 | D:4      | Found a sand-covered staircase.
  2817 | Ossuary  | Entered an ossuary
  2846 | Ossuary  | Gained mutation: You are mostly covered in slimy green
                  | scales. (AC +3) [demonic ancestry]
  2846 | Ossuary  | Reached XP level 7. HP: 51/56 MP: 8/8
  3589 | D:4      | HP: 2/56 [orc wizard/magic dart (6)]
  3594 | D:4      | Gained mutation: You are completely covered in slimy green
                  | scales. (AC +4, rPois) [demonic ancestry]
  3594 | D:4      | Reached XP level 8. HP: 34/63 MP: 10/10
  4540 | D:5      | Entered Level 5 of the Dungeon
  4543 | D:5      | Gained mutation: You have sharp toenails. [potion of
                  | mutation]
  4543 | D:5      | Gained mutation: You do not regenerate when monsters are
                  | visible. [potion of mutation]
  4543 | D:5      | Gained mutation: You possess an exceptional clarity of
                  | mind. [potion of mutation]
  5605 | D:5      | Reached skill level 5 in Dodging
  6043 | D:6      | Found a sacrificial altar of Ru.
  6050 | D:6      | Reached skill level 5 in Invocations
  6290 | D:6      | Reached XP level 9. HP: 69/69 MP: 12/12
  6465 | D:6      | Reached skill level 5 in Shapeshifting
  6762 | D:6      | Found a blossoming altar of Fedhas.
  7036 | D:6      | Found a staircase to the Ecumenical Temple.
  7616 | D:7      | HP: 5/106 [poisoned by a killer bee]
  7617 | D:7      | HP: 2/106 [poisoned by a killer bee]
  8092 | D:7      | Identified the +3 bardiche "Zelem" {venom, Dex+6}
  8302 | D:7      | Gained mutation: You have very sharp fingernails. [demonic
                  | ancestry]
  8302 | D:7      | Reached XP level 10. HP: 33/79 MP: 14/14
  8462 | D:7      | Found an ancient bone altar of Kikubaaqudgha.
  8462 | D:7      | Identified the ring "Uthrugg" {rC+ Dex+2}
  8739 | D:8      | Noticed Grum
  8754 | D:8      | Killed Grum
  8759 | D:8      | Found a sparkling altar of Nemelex Xobeh.
  8952 | D:8      | Became a worshipper of Nemelex Xobeh the Trickster
  9147 | D:8      | Lost mutation: You possess an exceptional clarity of mind.
                  | [potion of mutation]
  9147 | D:8      | Lost mutation: You have sharp toenails. [potion of
                  | mutation]
  9147 | D:8      | Gained mutation: Armour fits poorly on your strangely
                  | shaped body. [potion of mutation]
  9147 | D:8      | Gained mutation: You are agile. (Dex +4, Str/Int -1)
                  | [potion of mutation]
  9172 | D:9      | Slain by a yak

Illustrated notes

Levels and vault maps discovered:
D:1:      minmay_arrival_shattered_statue, layout_rooms, moated_statue
D:2:      layout_loops_corners, serial_shops, shop, shop, shop, shop,
          corexii_hall_statues_i
D:3:      kennysheep_the_goblin_king, layout_basic,
          nicolae_concentric_dashed_squares_wild, uniq_natasha, uniq_robin,
          uniq_jessica
D:4:      layout_basic, grunt_dithmenos_smoke_and_mirrors,
          lightli_ossuary_entry_decrepit_ruins
D:5:      layout_loops_corners, uniq_ijyb
D:6:      layout_loops_ring, mainiacjoe_overflow_boulevard,
          mainiacjoe_overflow_small_starburst, temple_doors_ab,
          kennysheep_generic_room_12
D:7:      layout_rooms, tso_oasis_becter, minmay_misc_feat_plants,
          roadster_capsule_ark_zombie
D:8:      layout_cave_pools, lemuel_tele_altar, uniq_grum
D:9:      layout_roguey, serial_shops, nicolae_shop_advertising_works
          [nicolae_subvault_shop_adworks], roderic_batcave,
          minmay_misc_feat_rugged, nicolae_kite_square_tiling_tiny

Skill      XL: |  1  2  3  4  5  6  7  8  9 10 |
---------------+-------------------------------+-----
Unarmed Combat | 4 5 6 7 |  7.0
Dodging        | 1 2 3 5 6 |  6.9
Invocations    | 1 2 3 5 6 |  6.8
Shapeshifting  | 1 2 3 4 6 |  6.3
Fighting       | 5 6 7 |  7.3
Stealth        | |  1.0
Spellcasting   | |  1.0

Action                     |  1- 3 |  4- 6 |  7- 9 | 10-12 || total
---------------------------+-------+-------+-------+-------++-------
  Melee: Unarmed           |   115 |   177 |   699 |    77 ||  1068
         Punch             |     6 |     3 |    37 |     4 ||    50
         Kick              |       |       |   140 |    24 ||   164
    Use: Scroll            |     3 |     2 |     6 |       ||    11
         Potion            |       |     4 |    15 |     1 ||    20
   Stab: Sleeping          |     3 |     2 |     4 |     2 ||    11
         Invisible         |       |     1 |       |       ||     1
         Distracted        |       |     1 |     2 |       ||     3
 Armour: Robe              |    60 |   115 |   454 |    65 ||   694
         Skin              |       |    27 |     5 |       ||    32
  Dodge: Dodged            |    47 |    89 |   559 |    78 ||   773

Table legend: (Time is in decaauts)
 A = Elapsed time spent in this place.
 B = Non-inter-level travel time spent in this place.
 C = Inter-level travel time spent in this place.
 D = Time resting spent in this place.
 E = Time spent auto-exploring this place.
 F = Levels seen in this place.
 G = Mean time per level.
                   A        B        C        D        E       F      G
               +--------+--------+--------+--------+--------+-----+--------+
         Total |   9057 |   8923 |    134 |      0 |   6838 |  10 |  905.7 |
       Dungeon |   8478 |   8344 |    134 |      0 |   6529 |   9 |  942.0 |
       Ossuary |    579 |    579 |      0 |      0 |    309 |   1 |  579.0 |
               +--------+--------+--------+--------+--------+-----+--------+

Top non-repeatable levels by time:
     D:5: 1474 daAuts
     D:4: 1381 daAuts
     D:7: 1329 daAuts
     D:6: 1205 daAuts
     D:3: 1044 daAuts
     D:2: 976 daAuts
 Ossuary: 579 daAuts
     D:8: 557 daAuts
     D:1: 506 daAuts
     D:9: 3 daAuts
